 Dungeon Sprint DCSS version 0.27.1-34-g3ba077fa99 (webtiles) character file.

Game seed: 2983461889448461901

441 Karpo the Unseen (level 6, 0/28 HPs)
             Began as a Spriggan Enchanter on Feb 7, 2022.
             Was an Initiate of Dithmenos.
             Slain by Sonja (13 damage)
             ... in the Dungeon (Sprint I: "Red Sonja").
             The game lasted 00:02:42 (440 turns).

Karpo the Unseen (Spriggan Enchanter)                Turns: 440, Time: 00:02:44

Health: 0/28       AC:  2    Str:  4    XL:     6   Next: 70%
Magic:  5/11       EV: 17    Int: 18    God:    Dithmenos [......]
Gold:   328        SH:  0    Dex: 16    Spells: 4/10 levels left

rFire    . . .     SeeInvis +   a - +1 dagger
rCold    . . .     Faith    .   (shield restricted)
rNeg     . . .     Spirit   .   b - +0 robe
rPois    .         Reflect  .   (helmet restricted)
rElec    .         Harm     .   (no cloak)
rCorr    .         Rampage  .   (gloves unavailable)
Will     +....     NoTele   +   (boots unavailable)
Stlth    ++++++++..             (no amulet)
HPRegen  0.09/turn              (no ring)
MPRegen  0.12/turn              (no ring)

@: very quick
A: very small, no large weapons, unfitting armour, see invisible, speed 3
a: Renounce Religion


You were in the Dungeon.
You worshipped Dithmenos.
Dithmenos was noncommittal.
You visited 1 branch You collected 328 gold pieces.

Inventory:

Hand Weapons
 a - a +1 dagger (weapon)
Armour
 b - a +0 robe (worn)
Scrolls
 h - a scroll of blinking
Potions
 d - a potion of heal wounds
 e - a potion of haste
 f - 2 potions of magic


   Skills:
 - Level 1.1 Short Blades
 - Level 2.6 Dodging
 + Level 20.3 Stealth
 - Level 2.6 Spellcasting
 - Level 3.6 Hexes


You had 4 spell levels left.
You knew the following spells:

 Your Spells              Type           Power      Damage    Failure   Level
a - Corona                Hex            16%        N/A       3%          1
b - Ensorcelled Hibernat  Hex/Ice        16%        N/A       12%         2
c - Confusing Touch       Hex            15%        N/A       12%         3

Your spell library contained the following spells:

 Spells                   Type           Power      Damage    Failure   Level
 Tukima's Dance           Hex            15%        N/A       12%         3
 Dazzling Flash           Conj/Hex       16%        N/A       24%         3


Dungeon Overview and Level Annotations

Branches:
Dungeon (1/1)

Altars:
Cheibriados
Dithmenos
Elyvilon
Fedhas
Gozag
Hepliaklqana
Kikubaaqudgha
Nemelex Xobeh
Okawaru
Qazlal
Ru
Sif Muna
Trog
Uskayaw
Vehumet
Wu Jian
Yredelemnul
Zin
The Shining One

Shops:
D *

Annotations:
D Sonja


Innate Abilities, Weirdness & Mutations

You are very small and have problems with some larger weapons.
You are too small for most types of armour.
You have supernaturally acute eyesight. (SInv)
You cover ground extremely quickly. (Speed+++)


Message History

Dithmenos welcomes you!
There is an entrance to Jemit's Assorted Antiques here.
You can access your shopping list by pressing '$'.
There is an open door here.
You open the door.
Sonja, the Graceful Assassin comes into view.
She is wielding a +1 short sword of venom, quivering curare-tipped darts and carrying a wand of paralysis (7).
Found 108 gold pieces.
Sonja shouts!
There is an open door here.
Sonja completely misses you.
Sonja hits you with a +1 short sword of venom!
You are poisoned.
Sonja hits you with a +1 short sword of venom!
Cast which spell? (? or * to list)
Aiming: Ensorcelled Hibernation (safe; 12% risk of failure)
Press: ? - help, Shift-Dir - straight line, f - Sonja
Aim: Sonja, wielding a +1 short sword of venom, quivering curare-tipped darts and carrying a wand of paralysis (7) (chance to affect: 49%) Sonja resists with some effort.
* * * LOW HITPOINT WARNING * * *
You feel very sick.
Sonja gestures wildly while chanting.
Sonja blinks!
You close the door.
* * * LOW HITPOINT WARNING * * *
You feel very sick.
You feel better.
Sonja opens the door.
Casting: Ensorcelled Hibernation (safe; 12% risk of failure)
Confirm with . or Enter, or press ? or * to list all spells.
Aiming: Ensorcelled Hibernation (safe; 12% risk of failure)
Press: ? - help, Shift-Dir - straight line, f/p - Sonja
Aim: Sonja, wielding a +1 short sword of venom, quivering curare-tipped darts and carrying a wand of paralysis (7) (chance to affect: 49%) Sonja resists with some effort.
Casting: Ensorcelled Hibernation (safe; 12% risk of failure)
Confirm with . or Enter, or press ? or * to list all spells.
Aiming: Ensorcelled Hibernation (safe; 12% risk of failure)
Press: ? - help, Shift-Dir - straight line, f/p - Sonja
Aim: Sonja, wielding a +1 short sword of venom, quivering curare-tipped darts and carrying a wand of paralysis (7) (chance to affect: 49%) Sonja resists with some effort.
Sonja hits you with a +1 short sword of venom!
You die...

#..'..#.)'..#..+
#..#####'#####'#
#..####..#...#.#
#..#__####..##.#
#..#_____##'#_.+
#⌠⌠#_.∩...'..._#
####_..__##_.#+#
#_____###K#
####### #@#
+$.$+ #$.$#
##.## #+#


You could see Sonja.

Vanquished Creatures
  Sigmund (D)
  A yak (D)
  An ogre (D)
  A jelly (D)
  Ijyb (D)
5 creatures vanquished.

Notes
Turn   | Place    | Note
-------+----------+-------------------------------------------
     0 | D        | Karpo the Spriggan Enchanter began the quest for the Orb.
     0 | D        | Reached XP level 1. HP: 9/9 MP: 5/5
     2 | D        | Noticed Ijyb
    16 | D        | Killed Ijyb
    17 | D        | Reached skill level 10 in Stealth
    17 | D        | Reached XP level 2. HP: 12/13 MP: 6/6
   124 | D        | Learned a level 2 spell: Ensorcelled Hibernation
   125 | D        | Noticed an ogre
   128 | D        | Killed an ogre
   129 | D        | Reached skill level 14 in Stealth
   129 | D        | Reached XP level 3. HP: 16/16 MP: 8/8
   129 | D        | Reached XP level 4. HP: 21/21 MP: 9/9
   137 | D        | Noticed Sigmund
   142 | D        | Killed Sigmund
   143 | D        | Reached skill level 18 in Stealth
   143 | D        | Reached XP level 5. HP: 7/24 MP: 5/10
   143 | D        | Reached XP level 6. HP: 8/28 MP: 5/11
   368 | D        | Learned a level 3 spell: Confusing Touch
   378 | D        | Found a shimmering blue altar of Sif Muna.
   379 | D        | Found an ornate altar of the Wu Jian Council.
   380 | D        | Found a radiant altar of Vehumet.
   395 | D        | Found Jemit's Assorted Antiques.
   395 | D        | Found an ancient bone altar of Kikubaaqudgha.
   395 | D        | Found a hazy altar of Hepliaklqana.
   395 | D        | Found a stormy altar of Qazlal.
   395 | D        | Found a hide-covered altar of Uskayaw.
   395 | D        | Found a blossoming altar of Fedhas.
   395 | D        | Found a bloodstained altar of Trog.
   395 | D        | Found an iron altar of Okawaru.
   395 | D        | Found a basalt altar of Yredelemnul.
   395 | D        | Found a glowing golden altar of the Shining One.
   395 | D        | Found a snail-covered altar of Cheibriados.
   395 | D        | Found a sacrificial altar of Ru.
   395 | D        | Found a glowing silver altar of Zin.
   395 | D        | Found a shadowy altar of Dithmenos.
   395 | D        | Found a white marble altar of Elyvilon.
   395 | D        | Noticed a yak
   396 | D        | Found an opulent altar of Gozag.
   397 | D        | Killed a yak
   398 | D        | Reached skill level 20 in Stealth
   414 | D        | Found a sparkling altar of Nemelex Xobeh.
   424 | D        | Became a worshipper of Dithmenos the Shadowed
   433 | D        | Noticed Sonja
   440 | D        | Slain by Sonja

Illustrated notes

Levels and vault maps discovered:
D:        dungeon_sprint_1 [red_sonja_temple_1, red_sonja_temple_small_1]

Skill      XL: |  1  2  3  4  5  6 |
---------------+-------------------+-----
Stealth        | 10 14 18 20 | 20.3
Short Blades   | |  1.1
Dodging        | |  2.6
Spellcasting   | |  2.6
Hexes          | |  3.6

Action                   |  1- 3 |  4- 6 || total
-------------------------+-------+-------++-------
Melee: Dagger            |    13 |     3 ||    16
 Cast: Ensorcelled Hiber |       |     5 ||     5
  Use: Potion            |     1 |     1 ||     2
 Stab: Sleeping          |     1 |     3 ||     4
Dodge: Dodged            |     7 |     1 ||     8
